 Dungeon Crawl Stone Soup version 0.26.1 (webtiles) character file.

Game seed: 13400394545840229866

8648 oldmanjim the Thaumaturge (level 11, -25/86 HPs)
             Began as a Gnoll Warper on Feb 3, 2021.
             Was a High Priest of Okawaru.
             Annihilated by a very large slime creature (54 damage)
             ... on level 12 of the Dungeon on Feb 4, 2021.
             The game lasted 01:34:20 (16120 turns).

oldmanjim the Thaumaturge (Gnoll Warper)           Turns: 16120, Time: 01:34:21

Health: -25/86     AC: 11    Str: 21    XL:     11   Next: 34%
Magic:  23/23      EV: 15    Int: 16    God:    Okawaru [*****.]
Gold:   698        SH: 11    Dex: 15    Spells: 24/26 levels left

rFire    + . .     SeeInvis .   a - +3 short sword (speed)
rCold    . . .     Faith    +   X - +0 kite shield
rNeg     . . .     Spirit   .   P - +2 leather armour {rF+}
rPois    .         Reflect  .   V - +1 hat
rElec    .         Harm     .   Z - +1 cloak
rCorr    +         Rampage  .   n - +0 pair of gloves of the Blind Marksman {Str+5}
Will     +....                  W - +0 pair of boots
Stlth    +++.......             R - amulet of faith
HPRegen  0.24/turn              x - ring of resist corrosion
MPRegen  0.18/turn              f - ring of willpower

@: no status effects
A: distributed training, fangs 1, strong nose
a: Renounce Religion, Heroism, Finesse


You were on level 12 of the Dungeon.
You worshipped Okawaru.
Okawaru was extremely pleased with you.
You visited 2 branches of the dungeon, and saw 13 of its levels.

You collected 792 gold pieces.
You spent 94 gold pieces at shops.

Inventory:

Hand Weapons
 a - a +3 short sword of speed (weapon)
 b - a +0 hand crossbow
 s - a +4 scimitar
Missiles
 e - 10 boomerangs of dispersal
 i - 170 arrows
 o - 175 bolts
 w - 47 poisoned darts (quivered)
 B - 15 boomerangs
 E - 2 throwing nets
 I - 10 javelins
Armour
 n - the +0 pair of gloves of the Blind Marksman (worn) {Str+5}
   (You found it on level 10 of the Dungeon)

   It affects your strength (+5).
 P - a +2 leather armour of fire resistance (worn)
 V - a +1 hat (worn)
 W - a +0 pair of boots (worn)
 X - a +0 kite shield (worn)
 Z - a +1 cloak (worn)
Jewellery
 f - a ring of willpower (right hand)
 x - a ring of resist corrosion (left hand)
 R - an amulet of faith (around neck)
Wands
 h - a wand of iceblast (12)
 l - a wand of paralysis (10)
 q - a wand of random effects (13)
 K - a wand of acid (5)
 N - a wand of polymorph (13)
Scrolls
 d - 3 scrolls of blinking
 g - 2 scrolls of magic mapping
 j - 6 scrolls of identify
 m - a scroll of random uselessness {unknown}
 p - 3 scrolls of remove curse
 y - 4 scrolls of teleportation
 O - 3 scrolls of enchant weapon
 Q - a scroll of fog {unknown}
 T - 3 scrolls of enchant armour {unknown}
 U - a scroll of fear {unknown}
 Y - a scroll of vulnerability {unknown}
Potions
 c - 8 potions of curing
 r - a potion of resistance {unknown}
 t - 3 potions of lignification
 u - 4 potions of heal wounds
 v - 4 potions of brilliance
 z - 2 potions of haste
 A - 4 potions of might
 C - a potion of flight {unknown}
 D - a potion of ambrosia
 F - a potion of mutation {unknown}
 J - a potion of cancellation {unknown}
Miscellaneous
 k - a lightning rod (4/4)


   Skills:
 + Level 7.8 Fighting
 + Level 6.2 Short Blades
 + Level 7.8 Long Blades
 + Level 6.2 Axes
 + Level 6.2 Maces & Flails
 + Level 6.2 Polearms
 + Level 6.2 Staves
 + Level 6.2 Slings
 + Level 6.2 Bows
 + Level 6.2 Crossbows
 + Level 6.8 Throwing
 + Level 6.8 Armour
 + Level 7.8 Dodging
 + Level 6.2 Stealth
 + Level 6.2 Shields
 + Level 6.2 Unarmed Combat
 + Level 8.0 Spellcasting
 + Level 5.1 Conjurations
 + Level 5.1 Hexes
 + Level 5.1 Summonings
 + Level 5.1 Necromancy
 + Level 7.6 Translocations
 + Level 5.1 Transmutations
 + Level 5.1 Fire Magic
 + Level 5.1 Ice Magic
 + Level 5.1 Air Magic
 + Level 5.1 Earth Magic
 + Level 5.1 Poison Magic
 + Level 6.8 Invocations
 + Level 6.2 Evocations


You had 24 spell levels left.
You knew the following spells:

 Your Spells              Type           Power        Failure   Level
a - Blink                 Tloc           N/A          2%          2

Your spell library contained the following spells:

 Spells                   Type           Power        Failure   Level
 Sandblast                Erth           44%          4%          1
 Summon Small Mammal      Summ           88%          4%          1
 Gell's Gravitas          Tloc           15%          5%          3
 Lesser Beckoning         Tloc           15%          5%          3
 Teleport Other           Tloc           30%          5%          3
 Call Imp                 Summ           22%          7%          2
 Passwall                 Tmut/Erth      18%          7%          2
 Call Canine Familiar     Summ           22%          14%         3
 Stone Arrow              Conj/Erth      44%          14%         3
 Summon Guardian Golem    Hex/Summ       22%          14%         3
 Passage of Golubria      Tloc           N/A          17%         4
 Petrify                  Tmut/Erth      22%          43%         4
 Summon Ice Beast         Ice/Summ       22%          43%         4
 Summon Lightning Spire   Summ/Air       22%          43%         4
 Lee's Rapid Deconstruct  Erth           11%          78%         5


Dungeon Overview and Level Annotations

Branches:
Dungeon (12/15)            Temple (1/1) D:4            Lair (0/6) D:11
    Orc (0/2) D:9

Altars:
Ashenzari
Cheibriados
Dithmenos
Elyvilon
Fedhas
Gozag
Hepliaklqana
Kikubaaqudgha
Makhleb
Nemelex Xobeh
Okawaru
Qazlal
Ru
Sif Muna
Trog
Uskayaw
Vehumet
Wu Jian
Xom
Yredelemnul
Zin
The Shining One

Shops:
D:8 (

Annotations:
D:11 Fannar


Innate Abilities, Weirdness & Mutations

Your experience applies equally to all skills.
You have very sharp teeth.
Your uncanny sense of smell can sniff out nearby items.


Message History

You bite the very large slime creature, but do no damage.
The very large slime creature is heavily wounded.
You puncture the very large slime creature!
The very large slime creature is heavily wounded.
The very large slime creature hits you!!!
* * * LOW HITPOINT WARNING * * *
You are too injured to fight recklessly!
You are too injured to fight recklessly!
You are too injured to fight recklessly!
You are too injured to fight recklessly!
Throw: 48 darts (poison)
Press: ? - help, Q - select action, (/) - cycle Shift-Dir - straight line, f/p - very large slime creature
Aim: a very large slime creature (heavily wounded, 84% to hit)
You throw a poisoned dart.
The poisoned dart hits the very large slime creature!
The very large slime creature is poisoned.
The very large slime creature is heavily wounded.
The very large slime creature hits you!!!
Ouch! That really hurt!
You die...

.######## #.##.# #.# ##
#.##.# #.## .# #.##^# #...
.# #.##.# ##(# .# #.##.#
#(# .# #.##.# #.# [#
#.##.## #.# .#
#.#...############.# .#
#..@J..............# ##
#.#...#.##########.#
#.##.##.# #.# #.##.##.#
########.# ##.#.#.##
#........# #### ##...##
#.######.# ...# #.....#
#.# #.#
...############.###.####.#
#.# ###.##..........#
#......# #.#


You could see a very large slime creature (very poisoned).

Vanquished Creatures
  A boulder beetle (D:12)
  A two-headed ogre (D:8)
  Pikel (D:2)
  An ugly thing (D:10)
  A gargoyle (D:11)
  3 trolls
  A wraith (D:11)
  4 yaks (D:10)
  A steam dragon (D:10)
  An ice beast (D:5)
  An orc warrior (D:7)
  2 phantoms
  2 black bears (D:9)
  3 sky beasts
  An eye of draining (D:11)
  A necrophage (D:6)
  6 ogres
  5 centaurs
  A lemure (D:3)
  4 bullfrogs
  2 scorpions
  12 wights
  A howler monkey (D:4)
  2 bullfrog zombies (D:8)
  3 centaur skeletons
  3 jellies
  2 orc priests
  2 bullfrog skeletons
  A gnoll shaman (D:5)
  8 hounds
  5 iguanas
  8 orc wizards
  11 worker ants
  Terence (D:2)
  A killer bee zombie (D:4)
  3 hound skeletons
  12 gnolls
  A howler monkey skeleton (D:5)
  A worker ant zombie (D:5)
  14 adders
  4 white imps
  3 ufetubi
  An ooze (D:1)
  3 adder skeletons
  2 worms (D:2)
  4 dart slugs
  9 leopard geckos
  41 orcs
  4 giant cockroaches
  2 goblins (D:1)
  6 hobgoblins
  19 jackals
  3 quokkas
  8 bats
  8 frilled lizards
  A jackal skeleton (D:5)
  8 kobolds
  3 leopard gecko skeletons
  A quokka skeleton (D:6)
  9 rats
  A butterfly (D:4)
274 creatures vanquished.

Vanquished Creatures (others)
  A withered plant (D:6)
1 creature vanquished.

Grand Total: 275 creatures vanquished

Notes
Turn   | Place    | Note
-------+----------+-------------------------------------------
     0 | D:1      | oldmanjim the Gnoll Warper began the quest for the Orb.
     0 | D:1      | Reached XP level 1. HP: 20/20 MP: 6/6
   129 | D:1      | Reached XP level 2. HP: 25/26 MP: 7/7
   768 | D:1      | Reached skill level 5 in Spellcasting
   768 | D:1      | Reached XP level 3. HP: 27/31 MP: 7/9
  1091 | D:1      | Learned a level 2 spell: Blink
  1167 | D:2      | Noticed Terence
  1181 | D:2      | Killed Terence
  1182 | D:2      | Reached skill level 1 in Short Blades
  1182 | D:2      | Reached skill level 1 in Axes
  1182 | D:2      | Reached skill level 1 in Maces & Flails
  1182 | D:2      | Reached skill level 1 in Polearms
  1182 | D:2      | Reached skill level 1 in Staves
  1182 | D:2      | Reached skill level 1 in Slings
  1182 | D:2      | Reached skill level 1 in Bows
  1182 | D:2      | Reached skill level 1 in Crossbows
  1182 | D:2      | Reached skill level 1 in Stealth
  1182 | D:2      | Reached skill level 1 in Shields
  1182 | D:2      | Reached skill level 1 in Unarmed Combat
  1182 | D:2      | Reached skill level 1 in Invocations
  1182 | D:2      | Reached skill level 1 in Evocations
  1272 | D:2      | Found a stormy altar of Qazlal.
  1351 | D:2      | Reached XP level 4. HP: 38/38 MP: 11/11
  1625 | D:2      | Reached skill level 1 in Conjurations
  1625 | D:2      | Reached skill level 1 in Hexes
  1625 | D:2      | Reached skill level 1 in Summonings
  1625 | D:2      | Reached skill level 1 in Necromancy
  1625 | D:2      | Reached skill level 1 in Transmutations
  1625 | D:2      | Reached skill level 1 in Fire Magic
  1625 | D:2      | Reached skill level 1 in Ice Magic
  1625 | D:2      | Reached skill level 1 in Air Magic
  1625 | D:2      | Reached skill level 1 in Earth Magic
  1625 | D:2      | Reached skill level 1 in Poison Magic
  1704 | D:2      | Reached XP level 5. HP: 29/43 MP: 12/12
  1994 | D:2      | Found a glowing silver altar of Zin.
  2952 | D:3      | Found an ancient bone altar of Kikubaaqudgha.
  2966 | D:3      | Reached XP level 6. HP: 49/50 MP: 13/13
  3250 | D:4      | Reached skill level 5 in Fighting
  3250 | D:4      | Reached skill level 5 in Long Blades
  3250 | D:4      | Reached skill level 5 in Dodging
  3358 | D:4      | Noticed Pikel
  3404 | D:4      | Found a shimmering altar of Xom.
  3910 | D:2      | Killed Pikel
  3911 | D:2      | Reached XP level 7. HP: 42/56 MP: 15/15
  4170 | D:4      | Found a staircase to the Ecumenical Temple.
  4178 | Temple   | Entered the Ecumenical Temple
  4373 | Temple   | Became a worshipper of Warmaster Okawaru
  4425 | D:4      | Reached XP level 8. HP: 26/63 MP: 16/16
  5202 | D:4      | Reached skill level 6 in Spellcasting
  5469 | D:5      | Entered Level 5 of the Dungeon
  5741 | D:5      | Reached * piety under Okawaru
  6323 | D:5      | Reached XP level 9. HP: 27/69 MP: 18/18
  7577 | D:6      | Found a basalt altar of Yredelemnul.
  7825 | D:6      | Reached skill level 5 in Throwing
  7825 | D:6      | Reached skill level 5 in Armour
  8340 | D:7      | Reached ** piety under Okawaru
  9075 | D:7      | Reached skill level 5 in Invocations
  9804 | D:8      | Found Dotarips's Antique Weapon Shoppe.
 10093 | D:8      | Reached skill level 7 in Spellcasting
 10367 | D:8      | Reached XP level 10. HP: 70/77 MP: 20/20
 10449 | D:8      | Found a blossoming altar of Fedhas.
 10454 | D:8      | Found a stormy altar of Qazlal.
 10465 | D:8      | Noticed a two-headed ogre
 10482 | D:8      | Killed a two-headed ogre
 10482 | D:8      | Reached *** piety under Okawaru
 10483 | D:8      | Reached skill level 5 in Short Blades
 10483 | D:8      | Reached skill level 5 in Axes
 10483 | D:8      | Reached skill level 5 in Maces & Flails
 10483 | D:8      | Reached skill level 5 in Polearms
 10483 | D:8      | Reached skill level 5 in Staves
 10483 | D:8      | Reached skill level 5 in Slings
 10483 | D:8      | Reached skill level 5 in Bows
 10483 | D:8      | Reached skill level 5 in Crossbows
 10483 | D:8      | Reached skill level 5 in Stealth
 10483 | D:8      | Reached skill level 5 in Shields
 10483 | D:8      | Reached skill level 5 in Unarmed Combat
 10483 | D:8      | Reached skill level 5 in Evocations
 11284 | D:8      | Bought a hand crossbow for 94 gold pieces
 12409 | D:9      | Reached **** piety under Okawaru
 12443 | D:9      | Found a staircase to the Orcish Mines.
 12742 | D:10     | Entered Level 10 of the Dungeon
 13080 | D:10     | Got a pair of faintly humming gloves
 13115 | D:10     | Identified the cursed +0 pair of gloves of the Blind
                  | Marksman {Str+5} (You found it on level 10 of the Dungeon)
 13388 | D:10     | Upgraded the game from 0.26.0-91-g99b343417d to 0.26.1
 13698 | D:10     | Received a gift from Okawaru
 13735 | D:10     | Reached ***** piety under Okawaru
 13736 | D:10     | Reached XP level 11. HP: 64/84 MP: 22/22
 14248 | D:11     | Found a staircase to the Lair.
 14350 | D:11     | Reached skill level 5 in Conjurations
 14350 | D:11     | Reached skill level 5 in Hexes
 14350 | D:11     | Reached skill level 5 in Summonings
 14350 | D:11     | Reached skill level 5 in Necromancy
 14350 | D:11     | Reached skill level 5 in Transmutations
 14350 | D:11     | Reached skill level 5 in Fire Magic
 14350 | D:11     | Reached skill level 5 in Ice Magic
 14350 | D:11     | Reached skill level 5 in Air Magic
 14350 | D:11     | Reached skill level 5 in Earth Magic
 14350 | D:11     | Reached skill level 5 in Poison Magic
 14535 | D:11     | Noticed a red ugly thing
 14625 | D:10     | HP: 3/85 [red ugly thing (8)]
 14631 | D:10     | Killed a red ugly thing
 14632 | D:10     | Reached skill level 8 in Spellcasting
 15007 | D:11     | Noticed Fannar
 15681 | D:12     | Noticed a boulder beetle
 15695 | D:12     | Killed a boulder beetle
 16120 | D:12     | Annihilated by a very large slime creature

Illustrated notes

Levels and vault maps discovered:
D:1:      dpeg_arrival_rooms_c, layout_basic
D:2:      layout_loops_cross, zin_statuary, grunt_qazlal_sundering, uniq_terence
D:3:      layout_rooms, lemuel_doored_altar
D:4:      layout_loops_ring, xom_teletrap_fun, minmay_temple_entry_butterflies,
          minmay_joined_circles, uniq_pikel
D:5:      layout_loops_cross
D:6:      layout_loops_corners, yredelemnul_altar_generic,
          corexii_item_surrounded_by_moat
D:7:      layout_loops_cross
D:8:      layout_basic, grunt_temple_overflow_forces_of_nature, serial_shops,
          shop
D:9:      layout_rooms, orc_0_dummy
D:10:     layout_rooms
D:11:     layout_cave_pools, uniq_fannar
D:12:     orc_temple, layout_loops_ring, minmay_holes
Temple:   nicolae_temple_elliptical

Skill      XL: |  1  2  3  4  5  6  7  8  9 10 11 |
---------------+----------------------------------+-----
Spellcasting   | 5 6 7 8 |  8.0
Short Blades   | 1 2 3 4 5 6 |  6.2
Axes           | 1 2 3 4 5 6 |  6.2
Maces & Flails | 1 2 3 4 5 6 |  6.2
Polearms       | 1 2 3 4 5 6 |  6.2
Staves         | 1 2 3 4 5 6 |  6.2
Slings         | 1 2 3 4 5 6 |  6.2
Bows           | 1 2 3 4 5 6 |  6.2
Crossbows      | 1 2 3 4 5 6 |  6.2
Stealth        | 1 2 3 4 5 6 |  6.2
Shields        | 1 2 3 4 5 6 |  6.2
Unarmed Combat | 1 2 3 4 5 6 |  6.2
Invocations    | 1 3 4 5 6 |  6.8
Evocations     | 1 2 3 4 5 6 |  6.2
Conjurations   | 1 2 3 4 5 |  5.1
Hexes          | 1 2 3 4 5 |  5.1
Summonings     | 1 2 3 4 5 |  5.1
Necromancy     | 1 2 3 4 5 |  5.1
Transmutations | 1 2 3 4 5 |  5.1
Fire Magic     | 1 2 3 4 5 |  5.1
Ice Magic      | 1 2 3 4 5 |  5.1
Air Magic      | 1 2 3 4 5 |  5.1
Earth Magic    | 1 2 3 4 5 |  5.1
Poison Magic   | 1 2 3 4 5 |  5.1
Throwing       | 3 4 5 6 |  6.8
Armour         | 3 4 5 6 |  6.8
Fighting       | 5 6 7 |  7.8
Long Blades    | 5 6 7 |  7.8
Dodging        | 5 6 7 |  7.8
Translocations | 6 7 |  7.6

Action                   |  1- 3 |  4- 6 |  7- 9 | 10-12 || total
-------------------------+-------+-------+-------+-------++-------
Melee: Falchion          |    62 |       |       |       ||    62
       Bite              |     7 |    28 |    69 |    64 ||   168
       Short sword       |    23 |   269 |   360 |   323 ||   975
       Punch             |       |     1 |    11 |     1 ||    13
       Scimitar          |       |       |    62 |    69 ||   131
 Fire: Shortbow          |       |       |    41 |       ||    41
       Hand crossbow     |       |       |       |    20 ||    20
Throw: Dart              |       |    22 |   149 |   134 ||   305
       Boomerang         |       |       |    22 |     9 ||    31
       Javelin           |       |       |     5 |       ||     5
 Cast: Blink             |     1 |     2 |       |    13 ||    16
Evoke: Wand              |       |       |       |     5 ||     5
  Use: Scroll            |       |     2 |     9 |     4 ||    15
 Stab: Sleeping          |     3 |     3 |     8 |     4 ||    18
       Distracted        |       |       |       |     1 ||     1
Armor: Leather armour    |    15 |    38 |    57 |    71 ||   181
Dodge: Dodged            |    46 |   173 |   233 |   145 ||   597
Block: Other             |       |    15 |    72 |       ||    87
       Reflection        |       |     1 |     6 |       ||     7
       Kite shield       |       |       |       |   130 ||   130
       Rpst.: Falchion   |    15 |       |       |       ||    15
       Scimitar          |       |       |    13 |     9 ||    22
